Senators vs Barracuda
Created - March 6, 2022 at 23:21
Goals
|
Senators |
0 |
1 |
1 |
2 |
Barracuda |
1 |
2 |
1 |
4 |
|
Shots
|
Senators |
8 |
12 |
13 |
33 |
Barracuda |
19 |
8 |
6 |
33 |
|
1st period
1. Barracuda , Brandon Kozun 14 (Alex Iafallo 22, Markus Nutivaara 27) at 2:50
Penalties :
Justin Shugg (S.J) for Slashing (Minor) at 4:00
2nd period
2. Barracuda , Mario Lucia 2 (Samuel Groulx 16) at 1:14
3. Senators , Zachary Sanford 19 (Keegan Lowe 14, Dylan Blujus 11) at 19:07
4. Barracuda , Alex Iafallo 16 (Markus Nutivaara 28, Sam Carrick 36) at 19:32 (PP)
Penalties :
Keegan Lowe (Bel) for Hooking (Minor) at 19:25
3rd period
5. Barracuda , Sam Carrick 16 (Markus Nutivaara 29, Alex Iafallo 23) at 6:40
6. Senators , Kevin Rooney 7 (Christoph Bertschy 31, Zemgus Girgensons 13) at 17:18
Penalties :
Tanner Jeannot (S.J) for Hooking (Minor) at 9:45
Goalie Stats
Sami Aittokallio (Bel), 29 saves from 33 shots - (0.879), L, 17-8-4, 60:00 minutes
Joacim Eriksson (S.J), 31 saves from 33 shots - (0.939), W, 13-11-1, 60:00 minutes
Players Stats for Senators
Player Name G A P +/- PIM S H SB GA TA FO MP PP MP PK MP
------------------------------------------------------------------------------------
Anthony Richard 0 0 0 0 0 0 0 0 0 0 0/0 0:42 0:40 0:00
Chandler Stephenson 0 0 0 -1 0 1 0 0 0 0 1/3 7:19 0:00 0:00
Christoph Bertschy 0 1 1 0 0 0 0 2 1 0 14/30 19:33 1:17 0:07
Dmitry Sinitsyn 0 0 0 -1 0 1 0 1 2 0 0/0 21:37 2:01 0:07
Dylan Blujus 0 1 1 1 0 0 0 1 1 0 0/0 20:09 1:57 0:00
Grant Besse 0 0 0 1 0 4 1 0 0 1 0/0 14:54 0:41 0:00
Jack Dougherty 0 0 0 -1 0 2 0 2 0 0 0/0 14:08 0:00 0:00
Jordan Schroeder 0 0 0 -1 0 3 1 1 1 1 8/12 20:14 2:01 0:00
Keegan Lowe 0 1 1 1 2 0 2 2 0 1 0/0 20:08 1:57 0:00
Kevin Rooney 1 0 1 1 0 3 2 2 0 0 1/3 14:30 0:00 0:00
Mason Geertsen 0 0 0 0 0 0 1 0 0 0 0/0 4:06 0:00 0:00
Michael Matheson 0 0 0 -1 0 3 1 3 1 1 0/0 25:43 2:01 0:07
Oliver Bjorkstrand 0 0 0 -1 0 6 2 1 1 0 0/0 19:23 2:01 0:00
Scott Harrington 0 0 0 -1 0 1 4 1 0 0 0/0 14:08 0:00 0:00
Tomas Jurco 0 0 0 0 0 1 1 0 0 0 2/6 18:17 1:16 0:00
Vitaly Abramov 0 0 0 1 0 0 0 0 0 2 0/0 14:10 0:40 0:00
William Bitten 0 0 0 -1 0 0 3 0 0 0 0/0 7:19 0:00 0:00
Zachary Sanford 1 0 1 -1 0 6 3 1 0 0 0/0 24:09 1:17 0:07
Zemgus Girgensons 0 1 1 -1 0 2 0 2 2 0 1/2 19:23 2:01 0:00
Players Stats for Barracuda
Player Name G A P +/- PIM S H SB GA TA FO MP PP MP PK MP
------------------------------------------------------------------------------------
Alex Iafallo 1 2 3 2 0 3 2 0 1 1 0/1 20:30 0:07 1:59
Brandon Kozun 1 0 1 2 0 1 0 0 0 2 1/1 18:31 0:07 0:00
Chris Wagner 0 0 0 0 0 0 0 0 1 1 0/0 13:12 0:00 0:00
Cole Ully 0 0 0 0 0 1 1 0 0 0 0/0 13:39 0:00 0:58
David Shields 0 0 0 1 0 0 2 0 0 1 0/0 20:27 0:00 1:36
Emil Pettersson 0 0 0 0 0 2 2 1 0 1 1/8 18:05 0:00 1:42
Jerome Gauthier-Leduc 0 0 0 0 0 0 0 0 1 1 0/0 13:54 0:00 1:03
Justin Shugg 0 0 0 0 2 3 2 0 0 1 0/0 16:22 0:00 0:00
Luca Sbisa 0 0 0 0 0 4 0 0 1 0 0/0 25:42 0:07 1:22
Mario Lucia 1 0 1 -1 0 2 1 0 0 0 0/0 8:27 0:00 0:00
Markus Nutivaara 0 3 3 0 0 5 0 1 1 1 0/0 25:39 0:07 1:19
Noah Gregor 0 0 0 -1 0 2 0 0 0 0 1/2 8:27 0:00 0:00
Robin Norell 0 0 0 0 0 0 2 1 0 0 0/0 13:51 0:00 1:00
Sam Carrick 1 1 2 2 0 4 3 0 1 0 22/39 20:30 0:07 1:51
Samuel Groulx 0 1 1 1 0 1 1 0 0 0 0/0 20:27 0:00 1:36
Tanner Jeannot 0 0 0 -1 2 2 0 0 0 0 0/0 8:34 0:00 0:00
Theodor Blueger 0 0 0 0 0 1 4 0 0 0 4/5 12:58 0:00 0:25
William Carrier 0 0 0 0 0 2 4 0 0 0 0/0 16:45 0:00 1:01
3 Stars
1 - Alex Iafallo (S.J)
2 - Sam Carrick (S.J)
3 - Markus Nutivaara (S.J)
Power Play
Senators - 0 on 2 Attempt(s) - 0.00%
Barracuda - 1 on 1 Attempt(s) - 100.00%
Penalty Kill
Senators - 0 on 1 Attempt(s) - 0.00%
- Score 0 goal in Penalty Kill
Barracuda - 2 on 2 Attempt(s) - 100.00%
- Score 0 goal in Penalty Kill
Team Stat
Senators - Hits : 21 - Faceoff Wins : 27 - Blocked Shots : 19 - Penalty Minutes : 2
Barracuda - Hits : 24 - Faceoff Wins : 29 - Blocked Shots : 3 - Penalty Minutes : 4
Official
Referees : Brandon Schrader and Tom Chmielewski
Linesman : Ryan Daisy and Ryan Galloway
Game Notes
19:57 of 3rd period - Senators goal is going for a video replay. After video review, No Goal. The net was displaced accidentally.
Finance
Level 1 -- Attendance: 1731 (86.55%) -- Ticket Income $60,585
Level 2 -- Attendance: 1000 (100.00%) -- Ticket Income $15,000
Total Attendance: 2731 (91.03%)
Total Ticket Income: $75,585
Other Income: $3,779
Total Income: $79,364
Senators
5 vs 5 Forward
Center Left Wing Right Wing Time % Phy DF OF
1 Christoph Bertschy Zachary Sanford Tomas Jurco 40 1 2 2
2 Jordan Schroeder Zemgus Girgensons Oliver Bjorkstrand 30 1 2 2
3 Kevin Rooney Vitaly Abramov Grant Besse 20 1 2 2
4 Chandler Stephenson Zachary Sanford William Bitten 10 0 3 2
5 vs 5 Defense
Defense Defense Time % Phy DF OF
1 Michael Matheson Dmitry Sinitsyn 40 1 3 1
2 Keegan Lowe Dylan Blujus 30 1 3 1
3 Scott Harrington Jack Dougherty 20 1 3 1
4 Mason Geertsen Michael Matheson 10 1 3 1
PowerPlay Forward
Center Left Wing Right Wing Time % Phy DF OF
1 Christoph Bertschy Zachary Sanford Tomas Jurco 60 0 1 4
2 Jordan Schroeder Zemgus Girgensons Oliver Bjorkstrand 40 0 1 4
PowerPlay Defense
Defense Defense Time % Phy DF OF
1 Michael Matheson Dmitry Sinitsyn 60 0 1 4
2 Keegan Lowe Dylan Blujus 40 0 1 4
Penalty Kill 4 Players Forward
Center Wing Time % Phy DF OF
1 Christoph Bertschy Zachary Sanford 60 1 4 0
2 Jordan Schroeder Zemgus Girgensons 40 1 4 0
Penalty Kill 4 Players Defense
Defense Defense Time % Phy DF OF
1 Michael Matheson Dmitry Sinitsyn 60 1 4 0
2 Keegan Lowe Dylan Blujus 40 1 4 0
Penalty Kill - 3 Players Forward
Forward Time % Phy DF OF
1 Christoph Bertschy 60 1 4 0
2 Jordan Schroeder 40 1 4 0
Penalty Kill - 3 Players Defense
Defense Defense Time % Phy DF OF
1 Michael Matheson Dmitry Sinitsyn 60 1 4 0
2 Keegan Lowe Dylan Blujus 40 1 4 0
4 vs 4 Forward
Center Wing Time % Phy DF OF
1 Christoph Bertschy Zachary Sanford 60 0 2 3
2 Jordan Schroeder Zemgus Girgensons 40 0 2 3
4 vs 4 Defense
Defense Defense Time % Phy DF OF
1 Michael Matheson Dmitry Sinitsyn 60 1 2 2
2 Keegan Lowe Dylan Blujus 40 1 2 2
Last Minutes Offensive
Center Left Wing Right Wing Defense Defense
Christoph Bertschy Zachary Sanford Tomas Jurco Michael Matheson Dmitry Sinitsyn
Last Minutes Defensive
Center Left Wing Right Wing Defense Defense
Christoph Bertschy Zachary Sanford Tomas Jurco Michael Matheson Dmitry Sinitsyn
Goaltenders
Starting : Sami Aittokallio
Backup : Scott Wedgewood
Extra Forwards
Normal : Christoph Bertschy, Jordan Schroeder, Kevin Rooney - PP : Christoph Bertschy, Jordan Schroeder - PK : Christoph Bertschy
Extra Defensemen
Normal : Scott Harrington, Jack Dougherty, Mason Geertsen - PP : Scott Harrington - PK : Scott Harrington, Jack Dougherty
Penalty Shots
Tomas Jurco, Oliver Bjorkstrand, Zachary Sanford, Zemgus Girgensons, Christoph Bertschy
Scratches
Adam Ollas-Mattsson (Healthy), Gustav Forsling (Healthy), Jake Evans (Healthy), Jonas Siegenthaler (Healthy), Joonas Lyytinen (Healthy)
Arttu Ruotsalainen (Healthy), Cliff Pu (Healthy), Keven Bouchard (Healthy)
Barracuda
5 vs 5 Forward
Center Left Wing Right Wing Time % Phy DF OF
1 Sam Carrick Alex Iafallo Brandon Kozun 40 1 2 2
2 Emil Pettersson William Carrier Justin Shugg 30 1 2 2
3 Theodor Blueger Cole Ully Chris Wagner 20 1 2 2
4 Noah Gregor Tanner Jeannot Mario Lucia 10 1 2 2
5 vs 5 Defense
Defense Defense Time % Phy DF OF
1 Markus Nutivaara Luca Sbisa 40 1 2 2
2 Samuel Groulx David Shields 30 1 2 2
3 Jerome Gauthier-Leduc Robin Norell 20 1 2 2
4 Markus Nutivaara Luca Sbisa 10 1 2 2
PowerPlay Forward
Center Left Wing Right Wing Time % Phy DF OF
1 Sam Carrick Alex Iafallo Brandon Kozun 60 1 2 2
2 Emil Pettersson William Carrier Justin Shugg 40 1 2 2
PowerPlay Defense
Defense Defense Time % Phy DF OF
1 Markus Nutivaara Luca Sbisa 60 1 2 2
2 Samuel Groulx David Shields 40 1 2 2
Penalty Kill 4 Players Forward
Center Wing Time % Phy DF OF
1 Sam Carrick Alex Iafallo 60 1 3 1
2 Emil Pettersson William Carrier 40 1 3 1
Penalty Kill 4 Players Defense
Defense Defense Time % Phy DF OF
1 Markus Nutivaara Luca Sbisa 60 1 4 0
2 Samuel Groulx David Shields 40 1 4 0
Penalty Kill - 3 Players Forward
Forward Time % Phy DF OF
1 Sam Carrick 60 1 4 0
2 Emil Pettersson 40 1 4 0
Penalty Kill - 3 Players Defense
Defense Defense Time % Phy DF OF
1 Markus Nutivaara Luca Sbisa 60 1 4 0
2 Samuel Groulx David Shields 40 1 4 0
4 vs 4 Forward
Center Wing Time % Phy DF OF
1 Sam Carrick Alex Iafallo 60 1 2 2
2 Emil Pettersson William Carrier 40 1 2 2
4 vs 4 Defense
Defense Defense Time % Phy DF OF
1 Markus Nutivaara Luca Sbisa 60 1 2 2
2 Samuel Groulx David Shields 40 1 2 2
Last Minutes Offensive
Center Left Wing Right Wing Defense Defense
Sam Carrick Alex Iafallo Brandon Kozun Markus Nutivaara Luca Sbisa
Last Minutes Defensive
Center Left Wing Right Wing Defense Defense
Sam Carrick Alex Iafallo Brandon Kozun Markus Nutivaara Luca Sbisa
Goaltenders
Starting : Joacim Eriksson
Backup : Oscar Dansk
Extra Forwards
Normal : Emil Pettersson, Justin Shugg, Chris Wagner - PP : Emil Pettersson, Justin Shugg - PK : Emil Pettersson
Extra Defensemen
Normal : David Shields, Jerome Gauthier-Leduc, Robin Norell - PP : David Shields - PK : David Shields, Jerome Gauthier-Leduc
Penalty Shots
Alex Iafallo, Sam Carrick, Brandon Kozun, William Carrier, Emil Pettersson
Scratches
Alex Henriksson (Healthy), Alex Lintuniemi (Healthy), Arturs Kulda (Left Eye Injury), Thomas Gobeil (Healthy), Drew O'Connor (Healthy)
Dennis Cholowski (Healthy), Kevin Lankinen (Healthy)
% Time on Ice - Senators
Lines # - Real PCT - Wanted PCT - Time Play
Normal Forward
1 - 32% - 40% - 17:46
2 - 31% - 30% - 17:22
3 - 24% - 20% - 13:28
4 - 13% - 10% - 7:19
Normal Defense
1 - 35% - 40% - 19:29
2 - 33% - 30% - 18:12
3 - 25% - 20% - 14:08
4 - 7% - 10% - 4:06
PP Forward
1 - 49% - 60% - 1:57
2 - 51% - 40% - 2:01
PP Defense
1 - 51% - 60% - 2:01
2 - 49% - 40% - 1:57
PK Forward
1 - 100% - 60% - 0:07
2 - 0% - 40% - 0:00
PK Defense
1 - 100% - 60% - 0:07
2 - 0% - 40% - 0:00
PK3 Forward
1 - 0% - 60%
2 - 0% - 40%
PK3 Defense
1 - 0% - 60%
2 - 0% - 40%
44 Forward
1 - 0% - 60%
2 - 0% - 40%
44 Defense
1 - 0% - 60%
2 - 0% - 40%
Last Minute Offensive - 0:00
Last Minute Defensive - 0:00
Total
Forward - 60:00
Defense - 60:00
|
% Time on Ice - Barracuda
Lines # - Real PCT - Wanted PCT - Time Play
Normal Forward
1 - 34% - 40% - 19:11
2 - 28% - 30% - 15:44
3 - 22% - 20% - 12:33
4 - 15% - 10% - 8:27
Normal Defense
1 - 37% - 40% - 20:51
2 - 34% - 30% - 18:51
3 - 23% - 20% - 12:51
4 - 6% - 10% - 3:22
PP Forward
1 - 100% - 60% - 0:07
2 - 0% - 40% - 0:00
PP Defense
1 - 100% - 60% - 0:07
2 - 0% - 40% - 0:00
PK Forward
1 - 74% - 60% - 2:57
2 - 26% - 40% - 1:01
PK Defense
1 - 60% - 60% - 2:22
2 - 40% - 40% - 1:36
PK3 Forward
1 - 0% - 60%
2 - 0% - 40%
PK3 Defense
1 - 0% - 60%
2 - 0% - 40%
44 Forward
1 - 0% - 60%
2 - 0% - 40%
44 Defense
1 - 0% - 60%
2 - 0% - 40%
Last Minute Offensive - 0:00
Last Minute Defensive - 0:00
Total
Forward - 60:00
Defense - 60:00
|
Play-by-Play
1st period
0:01 of 1st period - Sam Carrick wins face-off versus Christoph Bertschy in neutral zone.
0:36 of 1st period - Wrist shot by Zemgus Girgensons.
0:36 of 1st period - Shot Blocked by Emil Pettersson.
1:11 of 1st period - Snap shot by Kevin Rooney.
1:11 of 1st period - Stopped by Joacim Eriksson with a rebound.
2:11 of 1st period - David Shields is hit by Scott Harrington and loses puck.
2:34 of 1st period - Off-side.
2:35 of 1st period - Sam Carrick wins face-off versus Jordan Schroeder in neutral zone.
2:46 of 1st period - Wrist shot by Alex Iafallo.
2:46 of 1st period - Stopped by Sami Aittokallio with a rebound.
2:48 of 1st period - Wrist shot by Alex Iafallo.
2:48 of 1st period - Stopped by Sami Aittokallio with a rebound.
2:50 of 1st period - Snap shot by Brandon Kozun.
2:50 of 1st period - Goal by Brandon Kozun - Senators : 0 - Barracuda : 1.
2:51 of 1st period - Christoph Bertschy wins face-off versus Alex Iafallo in neutral zone.
3:16 of 1st period - Wrist shot by Mario Lucia.
3:16 of 1st period - Stopped by Sami Aittokallio with a rebound.
3:38 of 1st period - Christoph Bertschy is hit by William Carrier and loses puck.
4:00 of 1st period - Minor Penalty to Justin Shugg for Slashing.
4:01 of 1st period - Jordan Schroeder wins face-off versus Sam Carrick in Barracuda zone.
5:14 of 1st period - Wrist shot by Luca Sbisa.
5:14 of 1st period - Stopped by Sami Aittokallio with a rebound.
5:16 of 1st period - Slapshot by Emil Pettersson.
5:16 of 1st period - Stopped by Sami Aittokallio with a rebound.
5:32 of 1st period - Keegan Lowe is hit by Sam Carrick and loses puck.
6:00 of 1st period - Penalty to Justin Shugg is over, Justin Shugg is back on ice.
6:17 of 1st period - Snap shot by Chandler Stephenson.
6:17 of 1st period - Stopped by Joacim Eriksson without a rebound.
6:18 of 1st period - Theodor Blueger wins face-off versus Chandler Stephenson in Barracuda zone.
6:29 of 1st period - Snap shot by Theodor Blueger.
6:29 of 1st period - Stopped by Sami Aittokallio without a rebound.
6:30 of 1st period - Sam Carrick wins face-off versus Tomas Jurco in Senators zone.
7:20 of 1st period - Keegan Lowe is hit by Theodor Blueger and loses puck.
7:45 of 1st period - Robin Norell is hit by Keegan Lowe and loses puck.
7:49 of 1st period - Icing by Robin Norell.
7:50 of 1st period - Theodor Blueger wins face-off versus Zemgus Girgensons in Barracuda zone.
7:59 of 1st period - Snap shot by Jordan Schroeder.
7:59 of 1st period - Shot Misses the Net.
8:05 of 1st period - Snap shot by Oliver Bjorkstrand.
8:05 of 1st period - Stopped by Joacim Eriksson without a rebound.
8:06 of 1st period - Sam Carrick wins face-off versus Christoph Bertschy in Barracuda zone.
8:08 of 1st period - Icing by Alex Iafallo.
8:09 of 1st period - Sam Carrick wins face-off versus Christoph Bertschy in Barracuda zone.
8:34 of 1st period - Snap shot by Oliver Bjorkstrand.
8:34 of 1st period - Stopped by Joacim Eriksson with a rebound.
9:00 of 1st period - Snap shot by Mario Lucia.
9:00 of 1st period - Deflect By Noah Gregor.
9:00 of 1st period - Shot Misses the Net.
9:00 of 1st period - Puck is out of play.
9:01 of 1st period - Jordan Schroeder wins face-off versus Sam Carrick in Senators zone.
9:01 of 1st period - Jordan Schroeder is hit by Alex Iafallo.
9:28 of 1st period - Off-side.
9:29 of 1st period - Christoph Bertschy wins face-off versus Emil Pettersson in neutral zone.
10:12 of 1st period - Off-side.
10:13 of 1st period - Theodor Blueger wins face-off versus Kevin Rooney in neutral zone.
10:18 of 1st period - Slapshot by Luca Sbisa.
10:18 of 1st period - Deflect By Michael Matheson.
10:18 of 1st period - Stopped by Sami Aittokallio with a rebound.
10:20 of 1st period - Snap shot by Markus Nutivaara.
10:20 of 1st period - Shot Blocked by Michael Matheson.
10:22 of 1st period - Slapshot by Markus Nutivaara.
10:22 of 1st period - Stopped by Sami Aittokallio with a rebound.
10:24 of 1st period - Slapshot by Markus Nutivaara.
10:24 of 1st period - Shot Blocked by Kevin Rooney.
10:26 of 1st period - Slapshot by Luca Sbisa.
10:26 of 1st period - Stopped by Sami Aittokallio without a rebound.
10:27 of 1st period - Sam Carrick wins face-off versus Christoph Bertschy in Senators zone.
10:38 of 1st period - Wrist shot by Markus Nutivaara.
10:38 of 1st period - Stopped by Sami Aittokallio without a rebound.
10:39 of 1st period - Brandon Kozun wins face-off versus Christoph Bertschy in Senators zone.
10:44 of 1st period - Slapshot by Sam Carrick.
10:44 of 1st period - Deflect By Alex Iafallo.
10:44 of 1st period - Shot Blocked by Christoph Bertschy.
10:44 of 1st period - Puck is out of play.
10:45 of 1st period - Sam Carrick wins face-off versus Christoph Bertschy in Senators zone.
11:24 of 1st period - Markus Nutivaara is hit by Michael Matheson and loses puck.
11:41 of 1st period - Slapshot by Markus Nutivaara.
11:41 of 1st period - Stopped by Sami Aittokallio with a rebound.
12:57 of 1st period - Wrist shot by Zachary Sanford.
12:57 of 1st period - Deflect By Jerome Gauthier-Leduc.
12:57 of 1st period - Shot Misses the Net.
12:57 of 1st period - Puck is out of play.
12:58 of 1st period - Jordan Schroeder wins face-off versus Sam Carrick in Barracuda zone.
12:59 of 1st period - Slapshot by Michael Matheson.
12:59 of 1st period - Stopped by Joacim Eriksson with a rebound.
13:07 of 1st period - Wrist shot by Sam Carrick.
13:07 of 1st period - Shot Blocked by Michael Matheson.
14:18 of 1st period - Wrist shot by Sam Carrick.
14:18 of 1st period - Stopped by Sami Aittokallio without a rebound.
14:19 of 1st period - Tomas Jurco wins face-off versus Sam Carrick in Senators zone.
14:36 of 1st period - Slapshot by Markus Nutivaara.
14:36 of 1st period - Stopped by Sami Aittokallio with a rebound.
14:38 of 1st period - Snap shot by Emil Pettersson.
14:38 of 1st period - Shot Misses the Net.
14:40 of 1st period - Slapshot by Justin Shugg.
14:40 of 1st period - Shot Misses the Net.
15:05 of 1st period - Slapshot by William Carrier.
15:05 of 1st period - Shot Misses the Net.
15:13 of 1st period - Wrist shot by William Carrier.
15:13 of 1st period - Shot Blocked by Zemgus Girgensons.
15:15 of 1st period - Slapshot by Luca Sbisa.
15:15 of 1st period - Deflect By William Carrier.
15:15 of 1st period - Stopped by Sami Aittokallio with a rebound.
15:17 of 1st period - Wrist shot by Justin Shugg.
15:17 of 1st period - Stopped by Sami Aittokallio with a rebound.
15:19 of 1st period - Wrist shot by Justin Shugg.
15:19 of 1st period - Shot Blocked by Jack Dougherty.
15:35 of 1st period - Snap shot by William Carrier.
15:35 of 1st period - Shot Blocked by Jack Dougherty.
15:37 of 1st period - Snap shot by William Carrier.
15:37 of 1st period - Shot Misses the Net.
15:39 of 1st period - Wrist shot by William Carrier.
15:39 of 1st period - Shot Blocked by Zemgus Girgensons.
15:41 of 1st period - Snap shot by Justin Shugg.
15:41 of 1st period - Stopped by Sami Aittokallio with a rebound.
15:43 of 1st period - Slapshot by Emil Pettersson.
15:43 of 1st period - Deflect By William Carrier.
15:43 of 1st period - Shot Misses the Net.
15:43 of 1st period - Puck is out of play.
15:44 of 1st period - Christoph Bertschy wins face-off versus Sam Carrick in Senators zone.
16:09 of 1st period - Luca Sbisa is hit by Grant Besse and loses puck.
16:30 of 1st period - Icing by David Shields.
16:31 of 1st period - Chandler Stephenson wins face-off versus Noah Gregor in Barracuda zone.
16:58 of 1st period - Snap shot by Sam Carrick.
16:58 of 1st period - Stopped by Sami Aittokallio without a rebound.
16:59 of 1st period - Sam Carrick wins face-off versus Christoph Bertschy in Senators zone.
17:14 of 1st period - Snap shot by Zachary Sanford.
17:14 of 1st period - Stopped by Joacim Eriksson with a rebound.
17:24 of 1st period - Michael Matheson is hit by William Carrier and loses puck.
17:35 of 1st period - Snap shot by Emil Pettersson.
17:35 of 1st period - Stopped by Sami Aittokallio with a rebound.
18:30 of 1st period - Snap shot by William Carrier.
18:30 of 1st period - Shot Blocked by Keegan Lowe.
18:50 of 1st period - Wrist shot by Oliver Bjorkstrand.
18:50 of 1st period - Stopped by Joacim Eriksson without a rebound.
18:51 of 1st period - Theodor Blueger wins face-off versus Jordan Schroeder in Barracuda zone.
19:24 of 1st period - Slapshot by Zemgus Girgensons.
19:24 of 1st period - Shot Misses the Net.
19:26 of 1st period - Snap shot by Oliver Bjorkstrand.
19:26 of 1st period - Stopped by Joacim Eriksson without a rebound.
19:27 of 1st period - Christoph Bertschy wins face-off versus Sam Carrick in Barracuda zone.
Goals for this period are 0 for Senators vs 1 for Barracuda.
Shots for this period are 8 for Senators vs 19 for Barracuda.
2nd period
0:01 of 2nd period - Christoph Bertschy wins face-off versus Sam Carrick in neutral zone.
0:06 of 2nd period - Snap shot by Zachary Sanford.
0:06 of 2nd period - Deflect By Tomas Jurco.
0:06 of 2nd period - Stopped by Joacim Eriksson with a rebound.
0:26 of 2nd period - Kevin Rooney is hit by Justin Shugg and loses puck.
1:07 of 2nd period - Keegan Lowe is hit by Mario Lucia and loses puck.
1:12 of 2nd period - Slapshot by Mario Lucia.
1:12 of 2nd period - Shot Misses the Net.
1:14 of 2nd period - Wrist shot by Mario Lucia.
1:14 of 2nd period - Goal by Mario Lucia - Senators : 0 - Barracuda : 2.
1:15 of 2nd period - Sam Carrick wins face-off versus Christoph Bertschy in neutral zone.
1:18 of 2nd period - Zachary Sanford is hit by Sam Carrick and loses puck.
1:41 of 2nd period - Zemgus Girgensons is hit by Theodor Blueger and loses puck.
1:50 of 2nd period - Slapshot by Cole Ully.
1:50 of 2nd period - Shot Blocked by Dmitry Sinitsyn.
2:10 of 2nd period - Dylan Blujus is hit by Emil Pettersson.
2:11 of 2nd period - Icing by Dylan Blujus.
2:12 of 2nd period - Kevin Rooney wins face-off versus Emil Pettersson in Senators zone.
2:59 of 2nd period - Wrist shot by William Carrier.
2:59 of 2nd period - Deflect By Justin Shugg.
2:59 of 2nd period - Stopped by Sami Aittokallio without a rebound.
3:00 of 2nd period - Christoph Bertschy wins face-off versus Sam Carrick in Senators zone.
3:35 of 2nd period - Snap shot by Oliver Bjorkstrand.
3:35 of 2nd period - Stopped by Joacim Eriksson with a rebound.
3:49 of 2nd period - Mario Lucia is hit by Zachary Sanford.
4:27 of 2nd period - William Carrier is hit by Kevin Rooney and loses puck.
5:23 of 2nd period - Snap shot by Zemgus Girgensons.
5:23 of 2nd period - Shot Misses the Net.
6:07 of 2nd period - Jordan Schroeder is hit by William Carrier and loses puck.
6:24 of 2nd period - Chris Wagner is hit by William Bitten and loses puck.
6:31 of 2nd period - Michael Matheson is hit by David Shields and loses puck.
7:06 of 2nd period - Slapshot by Michael Matheson.
7:06 of 2nd period - Deflect By Zachary Sanford.
7:06 of 2nd period - Stopped by Joacim Eriksson with a rebound.
7:08 of 2nd period - Wrist shot by Zachary Sanford.
7:08 of 2nd period - Stopped by Joacim Eriksson without a rebound.
7:09 of 2nd period - Sam Carrick wins face-off versus Kevin Rooney in Barracuda zone.
7:18 of 2nd period - Wrist shot by Brandon Kozun.
7:18 of 2nd period - Shot Misses the Net.
7:24 of 2nd period - Snap shot by Sam Carrick.
7:24 of 2nd period - Shot Misses the Net.
7:40 of 2nd period - Icing by Emil Pettersson.
7:41 of 2nd period - Jordan Schroeder wins face-off versus Emil Pettersson in Barracuda zone.
8:02 of 2nd period - Zemgus Girgensons is hit by Emil Pettersson.
8:16 of 2nd period - Markus Nutivaara is hit by Scott Harrington and loses puck.
9:19 of 2nd period - Snap shot by Mario Lucia.
9:19 of 2nd period - Deflect By Noah Gregor.
9:19 of 2nd period - Stopped by Sami Aittokallio with a rebound.
9:53 of 2nd period - Snap shot by Grant Besse.
9:53 of 2nd period - Stopped by Joacim Eriksson with a rebound.
10:43 of 2nd period - Wrist shot by Brandon Kozun.
10:43 of 2nd period - Shot Blocked by Scott Harrington.
10:45 of 2nd period - Slapshot by Robin Norell.
10:45 of 2nd period - Shot Misses the Net.
10:57 of 2nd period - Snap shot by Emil Pettersson.
10:57 of 2nd period - Shot Blocked by Oliver Bjorkstrand.
11:05 of 2nd period - Snap shot by Zemgus Girgensons.
11:05 of 2nd period - Stopped by Joacim Eriksson without a rebound.
11:06 of 2nd period - Christoph Bertschy wins face-off versus Theodor Blueger in Barracuda zone.
12:30 of 2nd period - Sam Carrick is hit by Scott Harrington and loses puck.
12:58 of 2nd period - Jerome Gauthier-Leduc is hit by Jordan Schroeder and loses puck.
13:21 of 2nd period - Snap shot by Christoph Bertschy.
13:21 of 2nd period - Deflect By Emil Pettersson.
13:21 of 2nd period - Shot Blocked by Robin Norell.
13:21 of 2nd period - Puck is out of play.
13:22 of 2nd period - Christoph Bertschy wins face-off versus Emil Pettersson in Barracuda zone.
13:23 of 2nd period - Wrist shot by Zachary Sanford.
13:23 of 2nd period - Stopped by Joacim Eriksson without a rebound.
13:24 of 2nd period - Christoph Bertschy wins face-off versus Sam Carrick in Barracuda zone.
13:31 of 2nd period - Zachary Sanford is hit by Sam Carrick and loses puck.
13:54 of 2nd period - Slapshot by Luca Sbisa.
13:54 of 2nd period - Shot Blocked by Zachary Sanford.
13:56 of 2nd period - Snap shot by Cole Ully.
13:56 of 2nd period - Shot Blocked by Michael Matheson.
13:58 of 2nd period - Slapshot by Luca Sbisa.
13:58 of 2nd period - Shot Misses the Net.
14:00 of 2nd period - Backhand shot by Luca Sbisa.
14:00 of 2nd period - Deflect By Zachary Sanford.
14:00 of 2nd period - Stopped by Sami Aittokallio without a rebound.
14:01 of 2nd period - Jordan Schroeder wins face-off versus Sam Carrick in Senators zone.
14:49 of 2nd period - Slapshot by Markus Nutivaara.
14:49 of 2nd period - Stopped by Sami Aittokallio with a rebound.
14:51 of 2nd period - Wrist shot by Markus Nutivaara.
14:51 of 2nd period - Shot Blocked by Keegan Lowe.
14:53 of 2nd period - Snap shot by Noah Gregor.
14:53 of 2nd period - Stopped by Sami Aittokallio without a rebound.
14:54 of 2nd period - Christoph Bertschy wins face-off versus Sam Carrick in Senators zone.
15:19 of 2nd period - Markus Nutivaara is hit by Oliver Bjorkstrand.
16:09 of 2nd period - Slapshot by David Shields.
16:09 of 2nd period - Shot Misses the Net.
16:19 of 2nd period - Slapshot by Jack Dougherty.
16:19 of 2nd period - Stopped by Joacim Eriksson with a rebound.
16:21 of 2nd period - Backhand shot by Jack Dougherty.
16:21 of 2nd period - Shot Misses the Net.
16:23 of 2nd period - Snap shot by Oliver Bjorkstrand.
16:23 of 2nd period - Stopped by Joacim Eriksson without a rebound.
16:24 of 2nd period - Jordan Schroeder wins face-off versus Sam Carrick in Barracuda zone.
16:52 of 2nd period - Christoph Bertschy is hit by Justin Shugg and loses puck.
17:19 of 2nd period - Slapshot by Grant Besse.
17:19 of 2nd period - Stopped by Joacim Eriksson without a rebound.
17:20 of 2nd period - Sam Carrick wins face-off versus Tomas Jurco in Barracuda zone.
17:27 of 2nd period - Snap shot by Alex Iafallo.
17:27 of 2nd period - Shot Misses the Net.
17:33 of 2nd period - Wrist shot by Christoph Bertschy.
17:33 of 2nd period - Shot Misses the Net.
17:35 of 2nd period - Wrist shot by Christoph Bertschy.
17:35 of 2nd period - Shot Blocked by Markus Nutivaara.
17:56 of 2nd period - Snap shot by Markus Nutivaara.
17:56 of 2nd period - Deflect By William Carrier.
17:56 of 2nd period - Stopped by Sami Aittokallio with a rebound.
17:58 of 2nd period - Backhand shot by Justin Shugg.
17:58 of 2nd period - Deflect By William Carrier.
17:58 of 2nd period - Shot Blocked by Jordan Schroeder.
17:58 of 2nd period - Puck is out of play.
17:59 of 2nd period - Sam Carrick wins face-off versus Christoph Bertschy in Senators zone.
18:10 of 2nd period - Snap shot by Dmitry Sinitsyn.
18:10 of 2nd period - Stopped by Joacim Eriksson with a rebound.
19:07 of 2nd period - Wrist shot by Zachary Sanford.
19:07 of 2nd period - Goal by Zachary Sanford - Senators : 1 - Barracuda : 2.
19:08 of 2nd period - Sam Carrick wins face-off versus Christoph Bertschy in neutral zone.
19:14 of 2nd period - Off-side.
19:15 of 2nd period - Christoph Bertschy wins face-off versus Sam Carrick in neutral zone.
19:25 of 2nd period - Minor Penalty to Keegan Lowe for Hooking.
19:26 of 2nd period - Sam Carrick wins face-off versus Christoph Bertschy in Senators zone.
19:32 of 2nd period - Snap shot by Alex Iafallo.
19:32 of 2nd period - Goal by Alex Iafallo - Senators : 1 - Barracuda : 3.
19:33 of 2nd period - Sam Carrick wins face-off versus Christoph Bertschy in neutral zone.
Goals for this period are 1 for Senators vs 2 for Barracuda.
Shots for this period are 12 for Senators vs 8 for Barracuda.
3rd period
0:01 of 3rd period - Sam Carrick wins face-off versus Christoph Bertschy in neutral zone.
1:15 of 3rd period - Cole Ully is hit by Zachary Sanford.
1:34 of 3rd period - Off-side.
1:35 of 3rd period - Christoph Bertschy wins face-off versus Emil Pettersson in neutral zone.
1:50 of 3rd period - Slapshot by Zachary Sanford.
1:50 of 3rd period - Stopped by Joacim Eriksson without a rebound.
1:51 of 3rd period - Zemgus Girgensons wins face-off versus Sam Carrick in Barracuda zone.
1:52 of 3rd period - Backhand shot by Oliver Bjorkstrand.
1:52 of 3rd period - Shot Hit the Post.
1:54 of 3rd period - Slapshot by Zemgus Girgensons.
1:54 of 3rd period - Stopped by Joacim Eriksson with a rebound.
1:56 of 3rd period - Snap shot by Jordan Schroeder.
1:56 of 3rd period - Stopped by Joacim Eriksson with a rebound.
1:58 of 3rd period - Slapshot by Oliver Bjorkstrand.
1:58 of 3rd period - Shot Misses the Net.
2:00 of 3rd period - Slapshot by Michael Matheson.
2:00 of 3rd period - Stopped by Joacim Eriksson with a rebound.
2:02 of 3rd period - Snap shot by Jordan Schroeder.
2:02 of 3rd period - Shot Misses the Net.
2:04 of 3rd period - Slapshot by Michael Matheson.
2:04 of 3rd period - Stopped by Joacim Eriksson without a rebound.
2:05 of 3rd period - Christoph Bertschy wins face-off versus Sam Carrick in Barracuda zone.
2:20 of 3rd period - Slapshot by Markus Nutivaara.
2:20 of 3rd period - Shot Misses the Net.
2:45 of 3rd period - William Carrier is hit by Oliver Bjorkstrand and loses puck.
3:51 of 3rd period - Wrist shot by Samuel Groulx.
3:51 of 3rd period - Stopped by Sami Aittokallio without a rebound.
3:52 of 3rd period - Jordan Schroeder wins face-off versus Emil Pettersson in Senators zone.
3:52 of 3rd period - Jordan Schroeder is hit by William Carrier.
4:22 of 3rd period - Off-side.
4:23 of 3rd period - Sam Carrick wins face-off versus Tomas Jurco in neutral zone.
4:28 of 3rd period - Snap shot by Sam Carrick.
4:28 of 3rd period - Stopped by Sami Aittokallio without a rebound.
4:29 of 3rd period - Tomas Jurco wins face-off versus Sam Carrick in Senators zone.
4:42 of 3rd period - Michael Matheson is hit by Robin Norell and loses puck.
5:25 of 3rd period - Snap shot by Kevin Rooney.
5:25 of 3rd period - Stopped by Joacim Eriksson without a rebound.
5:26 of 3rd period - Sam Carrick wins face-off versus Christoph Bertschy in Barracuda zone.
5:31 of 3rd period - Christoph Bertschy is hit by Alex Iafallo and loses puck.
6:21 of 3rd period - Scott Harrington is hit by Theodor Blueger and loses puck.
6:40 of 3rd period - Slapshot by Markus Nutivaara.
6:40 of 3rd period - Deflect By Sam Carrick.
6:40 of 3rd period - Goal by Sam Carrick - Senators : 1 - Barracuda : 4.
6:41 of 3rd period - Sam Carrick wins face-off versus Christoph Bertschy in neutral zone.
7:30 of 3rd period - Vitaly Abramov is hit by Cole Ully and loses puck.
7:49 of 3rd period - Tanner Jeannot is hit by William Bitten and loses puck.
8:30 of 3rd period - Wrist shot by Emil Pettersson.
8:30 of 3rd period - Shot Misses the Net.
8:32 of 3rd period - Snap shot by Luca Sbisa.
8:32 of 3rd period - Shot Misses the Net.
9:06 of 3rd period - Brandon Kozun is hit by Scott Harrington and loses puck.
9:29 of 3rd period - Noah Gregor is hit by Zachary Sanford and loses puck.
9:45 of 3rd period - Minor Penalty to Tanner Jeannot for Hooking.
9:46 of 3rd period - Sam Carrick wins face-off versus Jordan Schroeder in Barracuda zone.
10:30 of 3rd period - Oliver Bjorkstrand is hit by Samuel Groulx and loses puck.
11:29 of 3rd period - Snap shot by Cole Ully.
11:29 of 3rd period - Stopped by Sami Aittokallio with a rebound.
11:31 of 3rd period - Snap shot by Cole Ully.
11:31 of 3rd period - Shot Blocked by Dylan Blujus.
11:45 of 3rd period - Penalty to Tanner Jeannot is over, Tanner Jeannot is back on ice.
12:02 of 3rd period - Snap shot by Tanner Jeannot.
12:02 of 3rd period - Shot Blocked by Kevin Rooney.
12:04 of 3rd period - Snap shot by Noah Gregor.
12:04 of 3rd period - Deflect By Tanner Jeannot.
12:04 of 3rd period - Stopped by Sami Aittokallio without a rebound.
12:05 of 3rd period - Noah Gregor wins face-off versus Chandler Stephenson in Senators zone.
12:08 of 3rd period - Backhand shot by Tanner Jeannot.
12:08 of 3rd period - Stopped by Sami Aittokallio with a rebound.
12:33 of 3rd period - Samuel Groulx is hit by Mason Geertsen and loses puck.
13:47 of 3rd period - Noah Gregor is hit by Tomas Jurco and loses puck.
14:02 of 3rd period - Cole Ully is hit by William Bitten and loses puck.
14:15 of 3rd period - Justin Shugg is hit by Keegan Lowe and loses puck.
14:40 of 3rd period - Jack Dougherty is hit by Theodor Blueger and loses puck.
15:01 of 3rd period - Wrist shot by Zemgus Girgensons.
15:01 of 3rd period - Shot Misses the Net.
15:52 of 3rd period - Dmitry Sinitsyn is hit by Robin Norell and loses puck.
16:13 of 3rd period - Snap shot by Jordan Schroeder.
16:13 of 3rd period - Stopped by Joacim Eriksson with a rebound.
16:23 of 3rd period - Grant Besse is hit by David Shields and loses puck.
17:18 of 3rd period - Snap shot by Kevin Rooney.
17:18 of 3rd period - Goal by Kevin Rooney - Senators : 2 - Barracuda : 4.
17:19 of 3rd period - Sam Carrick wins face-off versus Tomas Jurco in neutral zone.
17:52 of 3rd period - Off-side.
17:53 of 3rd period - Sam Carrick wins face-off versus Christoph Bertschy in neutral zone.
17:56 of 3rd period - Wrist shot by Alex Iafallo.
17:56 of 3rd period - Shot Misses the Net.
18:43 of 3rd period - Icing by Markus Nutivaara.
18:44 of 3rd period - Christoph Bertschy wins face-off versus Sam Carrick in Barracuda zone.
18:57 of 3rd period - Snap shot by Luca Sbisa.
18:57 of 3rd period - Shot Blocked by Christoph Bertschy.
19:23 of 3rd period - Wrist shot by Jordan Schroeder.
19:23 of 3rd period - Deflect By Grant Besse.
19:23 of 3rd period - Stopped by Joacim Eriksson without a rebound.
19:24 of 3rd period - Emil Pettersson wins face-off versus Jordan Schroeder in Barracuda zone.
19:24 of 3rd period - Emil Pettersson is hit by Kevin Rooney.
19:51 of 3rd period - Slapshot by Jordan Schroeder.
19:51 of 3rd period - Stopped by Joacim Eriksson with a rebound.
19:53 of 3rd period - Slapshot by Jack Dougherty.
19:53 of 3rd period - Stopped by Joacim Eriksson with a rebound.
19:55 of 3rd period - Slapshot by Scott Harrington.
19:55 of 3rd period - Stopped by Joacim Eriksson with a rebound.
19:57 of 3rd period - Snap shot by Kevin Rooney.
19:57 of 3rd period - Deflect By Grant Besse.
19:57 of 3rd period - Senators goal is going for a video replay.
19:57 of 3rd period - The goal is refused. The net was displaced accidentally..
19:58 of 3rd period - Jordan Schroeder wins face-off versus Emil Pettersson in Barracuda zone.
19:59 of 3rd period - Slapshot by Oliver Bjorkstrand.
19:59 of 3rd period - Shot Misses the Net.
Goals for this period are 1 for Senators vs 1 for Barracuda.
Shots for this period are 13 for Senators vs 6 for Barracuda.